 Dungeon Crawl Stone Soup version 0.18.1-47-g9310371 (webtiles) character file.

44 Jersh the Sneak (level 3, -5/25 HPs)
             Began as a Vampire Ice Elementalist on June 13, 2016.
             Slain by Natasha (7 damage)
             ... on level 2 of the Dungeon.
             The game lasted 00:12:31 (859 turns).

Jersh the Sneak (Vampire Ice Elementalist)           Turns: 859, Time: 00:12:33

Health: -5/25      AC: 10    Str:  8      XL:     3   Next: 39%
Magic:  2/6        EV: 10    Int: 16 (17) God:
Gold:   71         SH:  0    Dex: 13 (14) Spells: 2 memorised, 3 levels left

rFire  . . .     SeeInvis +     h - +1 dagger (protect)
rCold  . . .     Gourm    .     i - +0 ring mail (curse)
rNeg   + . .     Faith    .     (no shield)
rPois  .         Spirit   .     (no helmet)
rElec  .         Dismiss  .     (no cloak)
rCorr  .         Reflect  .     (no gloves)
SustAt .         Harm     .     (no boots)
MR     .....                    (no amulet)
Stlth  ++........               (no ring)
                                (no ring)

@: very slightly contaminated, not resistant to hostile enchantments, unstealthy
A: fangs 3, see invisible, unbreathing
a: Bat Form


You were on level 2 of the Dungeon.
You were not thirsty.

You visited 1 branch of the dungeon, and saw 2 of its levels.

You collected 71 gold pieces.

Inventory:

Hand Weapons
 d - a +0 hand axe
 f - a +0 dagger
 h - a +1 dagger of protection (weapon)
 j - a cursed -3 short sword
Armour
 a - a +0 robe
 i - a cursed +0 ring mail (worn)
Scrolls
 e - a scroll of immolation {unknown}
Potions
 c - 13 potions of blood
Books
 b - a book of Frost

   Spells                             Type                      Level
   a - Freeze                         Ice                          1
   b - Throw Frost                    Conjuration/Ice              2
   c - Ozocubu's Armour               Charms/Ice                   3
   d - Throw Icicle                   Conjuration/Ice              4
   e - Summon Ice Beast               Ice/Summoning                4


   Skills:
 + Level 0.5 Fighting
 + Level 0.4 Short Blades
 + Level 0.1 Armour
 + Level 2.9 Dodging
 + Level 3.4 Stealth
 + Level 0.2 Unarmed Combat
 + Level 2.2 Spellcasting
 + Level 0.7 Conjurations
 + Level 3.3 Ice Magic


You had 3 spell levels left.
You knew the following spells:

 Your Spells              Type           Power        Failure   Level  Hunger
a - Freeze                Ice            ##..         21%         1    #......
b - Throw Frost           Conj/Ice       #.....       41%         2    ###....


Dungeon Overview and Level Annotations

Branches:
Dungeon (2/15)

Altars:

Annotations:
D:2 Natasha


Innate Abilities, Weirdness & Mutations

You have razor-sharp teeth.
You have supernaturally acute eyesight.
You can survive without breathing.


Message History

The crimson imp hits you but does no damage.
You hit the crimson imp but do no damage.
Your bite misses the crimson imp.
The crimson imp is lightly wounded.
Natasha casts a spell.
The crimson imp hits you.
* * * LOW HITPOINT WARNING * * *
You hit Natasha.
Natasha is lightly wounded.
Natasha stares at you and mumbles some strange words.
You resist with some effort. The crimson imp barely misses you.
You closely miss Natasha.
Natasha is lightly wounded.
Natasha claws you but does no damage.
The crimson imp hits you but does no damage.
The crimson imp closely misses you.
You hit Natasha.
Natasha is lightly wounded.
Natasha claws you!
You die...

##.##.#..÷.....##.......
.............#.##.......
........(...............
#.....#...⌠..##.#.......
#.....#).....##.#.......
#...................####
#...........#.#...#.#
#.....#5h...#.##..#<.
#.....#@5...# ##..#..
##.##.#####.# #. # #.# #
#...K.... #........
.h....... #.###.... #.#
##.. ... .


You could see Natasha and 2 crimson imps.

Vanquished Creatures
  A dart slug (D:1)
  3 giant geckos
  3 bats
  A giant cockroach (D:1)
  5 goblins
  4 hobgoblins
  8 jackals (D:1)
  A giant newt (D:2)
  4 kobolds
  4 rats
34 creatures vanquished.

Notes
Turn   | Place    | Note
--------------------------------------------------------------
     0 | D:1      | Jersh the Vampire Ice Elementalist began the quest for the Orb.
     0 | D:1      | Reached XP level 1. HP: 13/13 MP: 3/3
   365 | D:1      | Reached XP level 2. HP: 13/19 MP: 5/5
   369 | D:1      | Learned a level 2 spell: Throw Frost
   645 | D:1      | Reached XP level 3. HP: 14/24 MP: 4/6
   837 | D:2      | Noticed Natasha
   859 | D:2      | Slain by Natasha

Action                   || total
-------------------------++-------
Melee: Dagger            ||   116
       Unarmed           ||    46
       Bite              ||    13
       Hand axe          ||     1
 Cast: Throw Frost       ||     2
       Freeze            ||     2
 Abil: End Transformatio ||     1
       Bat Form          ||     1
  Use: Potion            ||     4
       Scroll            ||     3
 Stab: Sleeping          ||     4
Armor: Robe              ||     4
       Skin              ||     3
       Ring mail         ||    77
Dodge: Dodged            ||   137
